 Dungeon Crawl Stone Soup version 0.29.0-4-gdea44cf6ec (webtiles) character file.

Game seed: 436243073243970986

161 qw the Chopper (level 5, -5/32 HPs)
             Began as a Gargoyle Fighter on Sept 9, 2022.
             Slain by a gnoll
             ... wielding a +0 spear
              (6 damage)
             ... on level 4 of the Dungeon.
             The game lasted 00:01:29 (3217 turns).

qw the Chopper (Gargoyle Fighter)                   Turns: 3217, Time: 00:01:30

Health: -5/32      AC: 13    Str: 21    XL:     5   Next: 42%
Magic:  5/5        EV:  7    Int:  9    God:
Gold:   23         SH:  4    Dex:  9    Spells: 4/4 levels left

rFire   . . .      SeeInvis +   Y - +1 war axe
rCold   . . .      Faith    .   c - +0 buckler
rNeg    + . .      Spirit   .   k - +0 chain mail
rPois   inf        Reflect  .   (no helmet)
rElec   +          Harm     .   (no cloak)
rCorr   .          Rampage  .   (no gloves)
Will    .....                   (no boots)
Stlth   ..........              (no amulet)
HPRegen 0.10/turn               p - ring of see invisible
MPRegen 0.09/turn               (no ring)

@: brilliant
A: sickness immunity, AC +4, negative energy resistance 1, electricity
resistance, torment resistance 1, petrification resistance
a: no special abilities


You were on level 4 of the Dungeon.
You visited 1 branch of the dungeon, and saw 4 of its levels.

You collected 203 gold pieces.
You spent 180 gold pieces at shops.


Innate Abilities, Weirdness & Mutations

You are immune to sickness and miasma.
Your stone body is resilient. (AC +4)
You are immune to poison.
You resist negative energy. (rN+)
You are resistant to electric shocks. (rElec)
You are resistant to unholy torment.
You are immune to petrification.


   Skills:
 + Level 3.2 Fighting
 - Level 5.0 Axes
 - Level 3.2 Armour
 - Level 3.2 Shields


You had 4 spell levels left.
You didn't know any spells.
Your spell library was empty.

Inventory:

Hand Weapons
 g - a +0 whip
 Y - a +1 war axe (weapon)
Missiles
 l - 4 boomerangs (quivered)
Armour
 c - a +0 buckler (worn)
 k - a +0 chain mail (worn)
Jewellery
 p - a ring of see invisible (left hand)
Scrolls
 n - a scroll of identify
Potions
 a - a potion of mutation
 b - a potion of ambrosia {unknown}
 d - 3 potions of might
 e - a potion of attraction {unknown}
 f - a potion of lignification {unknown}
 j - a potion of heal wounds {unknown}

Dungeon Overview and Level Annotations

Branches:
Dungeon (4/15)
 Temple: D:4-7

Altars:
Qazlal
Sif Muna
Yredelemnul

Shops:
D:3 =


Message History

2 gnolls and an orc come into view.
The orc is wielding a +2 whip of holy wrath.
Found 2 stones.
The gnoll shouts! x2; The orc shouts!
The orc wizard casts a spell.
The orc wizard flickers and vanishes for a moment.
You block the orc wizard's attack.
The gnoll hits you from afar with a +0 spear.
You hit the orc wizard.
The orc wizard is heavily wounded.
The orc wizard hits you but does no damage.
The gnoll hits you from afar with a +0 spear.
You hit the orc wizard.
The orc wizard is severely wounded.
The orc wizard gestures wildly while chanting.
The orc wizard flickers and vanishes for a moment.
The orc wizard gestures at you while chanting.
The magic dart hits you but does no damage.
The gnoll hits you but does no damage.
You slash the orc wizard!
You kill the orc wizard!
The gnoll barely misses you.
The orc wizard hits you but does no damage.
The gnoll barely misses you. x2; The orc wizard barely misses you.
Your Axes skill increases to level 5!
You closely miss the orc wizard. You barely miss the gnoll.
You hit the orc wizard. You hit the orc. The orc wizard completely misses you.
The orc wizard barely misses you.
The gnoll hits you from afar with a +0 spear.
The gnoll hits you with a +0 club.
The orc hits you with a +2 whip of holy wrath.
You barely miss the orc.
The orc is severely wounded.
You hit the orc wizard. You barely miss the orc wizard. You hit the gnoll.
The orc hits you with a +2 whip of holy wrath.
The orc wizard hits you but does no damage.
The orc wizard gestures at you while chanting.
The magic dart hits you!
The gnoll hits you from afar with a +0 spear.
You die...

#..........(
#..........##
............##
.
.............#
#. ...........#
... ....gg...#
.... ##.ooo.###
##..##..g@....#
#.....?.......#
#.....<..#...##
#.)......#####
##......##
#.......#
##.......
.........#
.........<.


You could see 2 orc wizards, 3 gnolls and an orc.

Vanquished Creatures
  An orc wizard (D:4)
  A gnoll (D:1)
  2 adders (D:2)
  2 worms (D:2)
  2 dart slugs (D:2)
  8 ball pythons
  6 endoplasms
  3 giant cockroaches
  13 goblins
  11 hobgoblins
  10 jackals
  5 kobolds
  7 quokkas
  5 bats
  5 frilled lizards
  7 rats
88 creatures vanquished.

Vanquished Creatures (others)
  A plant (D:2)
1 creature vanquished.

Grand Total: 89 creatures vanquished

Notes
Turn   | Place    | Note
-------+----------+-------------------------------------------
     0 | D:1      | qw the Gargoyle Fighter began the quest for the Orb.
     0 | D:1      | Reached XP level 1. HP: 14/14 MP: 1/1
     0 | D:1      | 0 ||| qw: Version: 0.1-a-113-g051387a
     0 | D:1      | 0 ||| qw: Game counter: 7300
     0 | D:1      | 0 ||| qw: Always use a shield: true
     0 | D:1      | 0 ||| qw: God list: Okawaru
     0 | D:1      | 0 ||| qw: Allow faded altars: false
     0 | D:1      | 0 ||| qw: Do Orc after D:15 true
     0 | D:1      | 0 ||| qw: Do second Lair branch before Depths: true
     0 | D:1      | 0 ||| qw: Lair rune preference: random
     0 | D:1      | 0 ||| qw: Plans: Normal, Zot, God:TSO, Crypt, Tomb, Zig,
                  | Orb
     0 | D:1      | 0 ||| PLANNING D:1-11
    39 | D:1      | Reached skill level 2 in Axes
   205 | D:1      | Reached XP level 2. HP: 19/19 MP: 2/2
   436 | D:1      | Reached skill level 3 in Axes
   436 | D:1      | Reached XP level 3. HP: 9/23 MP: 3/3
   450 | D:1      | 450 ||| Stepping ~*~*~tactically~*~*~ (stealth).
   451 | D:1      | 451 ||| Stepping ~*~*~tactically~*~*~ (stealth).
   452 | D:1      | 452 ||| Stepping ~*~*~tactically~*~*~ (stealth).
   453 | D:1      | 453 ||| Stepping ~*~*~tactically~*~*~ (stealth).
   454 | D:1      | 454 ||| Stepping ~*~*~tactically~*~*~ (stealth).
   770 | D:1      | 770 ||| Stepping ~*~*~tactically~*~*~ (stealth).
   957 | D:1      | Found a faded altar of an unknown god.
  1325 | D:1      | 1325 ||| UPGRADING to +0 chain mail.
  1335 | D:1      | 1335 ||| DROPPING +0 scale mail.
  1336 | D:1      | 1336 ||| READING scroll labelled FOEPLIYTOEM.
  1337 | D:1      | 1337 ||| READING scroll labelled XEBRUR AFFIT.
  1495 | D:2      | Reached XP level 4. HP: 28/28 MP: 4/4
  1529 | D:2      | 1529 ||| Stepping ~*~*~tactically~*~*~ (hiding).
  1530 | D:2      | 1530 ||| Stepping ~*~*~tactically~*~*~ (hiding).
  1532 | D:2      | 1532 ||| Stepping ~*~*~tactically~*~*~ (stealth).
  1533 | D:2      | 1533 ||| Stepping ~*~*~tactically~*~*~ (hiding).
  1539 | D:2      | 1539 ||| Stepping ~*~*~tactically~*~*~ (stealth).
  1731 | D:2      | 1731 ||| Stepping ~*~*~tactically~*~*~ (stealth).
  1732 | D:2      | 1732 ||| Stepping ~*~*~tactically~*~*~ (stealth).
  1733 | D:2      | 1733 ||| Stepping ~*~*~tactically~*~*~ (stealth).
  1739 | D:2      | Reached skill level 4 in Axes
  1970 | D:2      | 1970 ||| Stepping ~*~*~tactically~*~*~ (stealth).
  1972 | D:2      | 1972 ||| Stepping ~*~*~tactically~*~*~ (stealth).
  2096 | D:2      | 2096 ||| Stepping ~*~*~tactically~*~*~ (stealth).
  2132 | D:2      | 2132 ||| Stepping ~*~*~tactically~*~*~ (stealth).
  2442 | D:2      | 2442 ||| READING scroll labelled ODUTUY BYGRYO.
  2443 | D:2      | 2443 ||| READING scroll labelled SINAH LELEDUNK.
  2444 | D:2      | 2444 ||| READING scroll labelled PUWEHEJAUCI.
  2445 | D:2      | 2445 ||| DRINKING 2 pink potions.
  2446 | D:2      | 2446 ||| DROPPING potion of flight.
  2550 | D:3      | Found a shimmering blue altar of Sif Muna.
  2601 | D:3      | Found a stormy altar of Qazlal.
  2720 | D:3      | 2720 ||| Stepping ~*~*~tactically~*~*~ (stealth).
  2727 | D:3      | Reached XP level 5. HP: 32/32 MP: 5/5
  2730 | D:3      | 2730 ||| Stepping ~*~*~tactically~*~*~ (stealth).
  2882 | D:3      | Found a basalt altar of Yredelemnul.
  2944 | D:3      | 2944 ||| Stepping ~*~*~tactically~*~*~ (hiding).
  3084 | D:3      | Found Ujoaceb's Jewellery Emporium.
  3094 | D:3      | 3094 ||| SHOPLISTING +6 ring of dexterity (432 gold, have
                  | 203).
  3094 | D:3      | 3094 ||| SHOPLISTING +6 ring of strength (432 gold, have
                  | 203).
  3094 | D:3      | 3094 ||| SHOPLISTING ring "Moelauff" {rCorr Dex+4 SInv}
                  | (432 gold, have 203).
  3094 | D:3      | 3094 ||| BUYING ring of see invisible (180 gold).
  3094 | D:3      | Bought a ring of see invisible for 180 gold pieces
  3094 | D:3      | 3094 ||| SHOPLISTING ring of see invisible (180 gold, have
                  | 23).
  3094 | D:3      | 3094 ||| SHOPLISTING ring of willpower (300 gold, have 23).
  3189 | D:3      | 3189 ||| DROPPING +4 scale mail.
  3190 | D:3      | 3190 ||| DROPPING amulet of magic regeneration.
  3191 | D:3      | 3191 ||| UPGRADING to ring of see invisible.
  3192 | D:3      | 3192 ||| READING scroll labelled ZONAFI MOVIAHA.
  3193 | D:3      | 3193 ||| DRINKING 3 viscous white potions.
  3194 | D:3      | 3194 ||| READING 2 scrolls of identify.
  3194 | D:3      | 3194 ||| IDENTIFYING glowing sapphire potion
  3195 | D:3      | 3195 ||| DROPPING 2 potions of brilliance.
  3216 | D:4      | Reached skill level 5 in Axes
  3217 | D:4      | HP: 8/32 [orc/+2 whip of holy wrath (4)]
  3217 | D:4      | HP: 1/32 [orc wizard/magic dart (7)]
  3217 | D:4      | Slain by a gnoll

Levels and vault maps discovered:
D:1:      dpeg_arrival_lava_temple_mockup, layout_basic,
          shapermc_ecumenical_altar_acropolis, minivault_27, amethyst_killhole
D:2:      layout_loops_cross, minmay_misc_feat_diagonals, serial_bayou_ford_a
D:3:      cheibrodos_greedy_goblins, layout_basic, mainiacjoe_overflow_brackets,
          mainiacjoe_overflow_small_starburst, amcnicky_altar_gilded,
          serial_shops, nicolae_lakefront_shop, small_statue_intersection
D:4:      layout_cave_pools, serial_shops, nicolae_shop_bloodbath_and_beyond,
          hangedman_decor_opposing

Skill      XL: |  1  2  3  4  5 |
---------------+----------------+-----
Axes           | 2 3 4 5 |  5.0
Fighting       | |  3.2
Armour         | |  3.2
Shields        | |  3.2

Action                   |  1- 3 |  4- 6 || total
-------------------------+-------+-------++-------
Melee: War axe           |    86 |   130 ||   216
  Use: Scroll            |     2 |     5 ||     7
       Potion            |       |     2 ||     2
Armor: Scale mail        |    41 |       ||    41
       Chain mail        |     2 |    82 ||    84
Dodge: Dodged            |    28 |    55 ||    83
Block: Buckler           |    20 |    21 ||    41

Table legend:
 A = Non-vault XP
 B = Vault XP
 C = Vault XP percentage of total XP
 D = Non-vault monster count
 E = Vault monster count
 F = Vault count percentage of total count
                 A         B        C        D         E       F
            +---------+---------+-------+---------+---------+-------
      Total |     214 |      17 |   7.4 |      79 |       9 |  10.2
            +---------+---------+-------+---------+---------+-------
        D:1 |      64 |       0 |   0.0 |      32 |       0 |   0.0
        D:2 |      87 |       0 |   0.0 |      29 |       0 |   0.0
        D:3 |      28 |      17 |  37.8 |      17 |       9 |  34.6
        D:4 |      35 |       0 |   0.0 |       1 |       0 |   0.0
            +---------+---------+-------+---------+---------+-------
